 Dungeon Crawl Stone Soup version 0.26.1-10-gdfb7c7de75 (webtiles) character file.

Game seed: 14021111472030222793

20873 tardwrangler69 the Severer (level 12, -20/99 (111) HPs)
             Began as a Minotaur Fighter on Apr 3, 2021.
             Was a Believer of Uskayaw.
             Killed from afar by Frances (24 damage)
             ... with a shard of ice
             ... on level 12 of the Dungeon.
             The game lasted 00:13:37 (12649 turns).

tardwrangler69 the Severer (Minotaur Fighter)      Turns: 12649, Time: 00:13:38

HP:   -20/99 (111)  AC: 21    Str: 27    XL:     12   Next: 49%
MP:   14/14         EV:  9    Int:  5    God:    Uskayaw [**....]
Gold: 540           SH: 11    Dex:  9    Spells: 11/11 levels left

rFire    + + .     SeeInvis .   M - +4 war axe of Dishonesty {vorpal, rF+ rC+ Will+}
rCold    + . .     Faith    .   c - +1 kite shield
rNeg     . . .     Spirit   .   o - +0 plate armour
rPois    .         Reflect  .   A - +1 hat
rElec    .         Harm     .   j - +0 cloak {Stlth+}
rCorr    .         Rampage  .   w - +0 pair of gloves {archery}
Will     +....                  x - +1 pair of boots
Stlth    ..........             (no amulet)
HPRegen  0.26/turn              t - ring of protection from fire
MPRegen  0.14/turn              u - +4 ring of slaying

@: heavily drained
A: retaliatory headbutt, horns 2
a: Renounce Religion, Stomp, Line Pass


You were on level 12 of the Dungeon.
You worshipped Uskayaw.
Uskayaw was noncommittal.
You visited 2 branches of the dungeon, and saw 13 of its levels.
You also visited: Sewer and Bailey.

You collected 818 gold pieces.
You spent 278 gold pieces at shops.

Inventory:

Hand Weapons
 G - the +9 morningstar of Agony {antimagic, rF+++ Will+ Stlth-}
   (You found it on level 6 of the Dungeon)

   It reduces the magical energy of the wielder, and disrupts the spells and
   magical abilities of those hit.
   Natural abilities and divine invocations are not affected.
   It renders you almost immune to fire.
   It affects your willpower, your defense against some magical effects.
   It makes you less stealthy.
 M - the +4 war axe of Dishonesty (weapon) {vorpal, rF+ rC+ Will+}
   (You found it on level 11 of the Dungeon)

   It inflicts extra damage upon your enemies.
   It protects you from fire.
   It protects you from cold.
   It affects your willpower, your defense against some magical effects.
Armour
 c - a +1 kite shield (worn)
 j - a +0 cloak of stealth (worn)
 o - a +0 plate armour (worn)
 w - a +0 pair of gloves of archery (worn)
 x - a +1 pair of boots (worn)
 A - a +1 hat (worn)
Jewellery
 d - an uncursed ring of positive energy {unknown}
 l - an uncursed ring of willpower {unknown}
 t - a ring of protection from fire (left hand)
 u - a +4 ring of slaying (right hand)
 E - an uncursed ring of willpower {unknown}
 I - an uncursed amulet of guardian spirit {unknown}
Wands
 r - a wand of digging (6)
 v - a wand of paralysis (11)
Scrolls
 a - a scroll of enchant weapon {unknown}
 f - 4 scrolls of remove curse
 g - 7 scrolls of identify
 k - 3 scrolls of blinking
 m - a scroll of enchant armour
 s - 5 scrolls of teleportation
 D - a scroll of fear
 H - 2 scrolls of vulnerability
Potions
 b - a potion of invisibility {unknown}
 e - 2 potions of mutation {unknown}
 h - a potion of haste {unknown}
 i - 5 potions of flight
 n - a potion of berserk rage
 q - 3 potions of curing {unknown}
 z - 2 potions of degeneration {unknown}
 F - 4 potions of might
 J - 4 potions of lignification {unknown}
 K - a potion of magic {unknown}
 L - 2 potions of attraction {unknown}


   Skills:
 + Level 11.7 Fighting
 * Level 15.2 Axes
 + Level 11.6 Armour
 - Level 9.0 Dodging
 - Level 4.0 Shields
 + Level 4.0 Invocations


You had 11 spell levels left.
You didn't know any spells.
Your spell library contained the following spells:

 Spells                   Type           Power        Failure   Level
 Animate Skeleton         Necr           0%           100%        1
 Corona                   Hex            0%           100%        1
 Magic Dart               Conj           0%           100%        1
 Pain                     Necr           0%           100%        1
 Sandblast                Erth           0%           100%        1
 Passwall                 Tmut/Erth      0%           100%        2
 Searing Ray              Conj           0%           100%        2
 Slow                     Hex            0%           100%        2
 Dazzling Flash           Conj/Hex       0%           100%        3
 Inner Flame              Hex/Fire       0%           100%        3
 Portal Projectile        Hex/Tloc       0%           100%        3
 Stone Arrow              Conj/Erth      0%           100%        3
 Vampiric Draining        Necr           0%           100%        3
 Animate Dead             Necr           0%           100%        4
 Cause Fear               Hex            0%           100%        4
 Fulminant Prism          Conj/Hex       0%           100%        4
 Iskenderun's Mystic Bla  Conj/Tloc      0%           100%        4
 Leda's Liquefaction      Hex/Erth       0%           100%        4
 Petrify                  Tmut/Erth      0%           100%        4
 Agony                    Necr           0%           100%        5
 Lee's Rapid Deconstruct  Erth           0%           100%        5


Dungeon Overview and Level Annotations

Branches:
Dungeon (12/15)            Temple (1/1) D:4            Lair (0/6) D:8
    Orc (0/2) D:10          Sewer (visited)          Bailey (visited)

Altars:
Ashenzari
Cheibriados
Dithmenos
Elyvilon
Fedhas
Gozag
Hepliaklqana
Kikubaaqudgha
Makhleb
Nemelex Xobeh
Okawaru
Qazlal
Ru
Sif Muna
Trog
Uskayaw
Vehumet
Wu Jian
Xom
Yredelemnul
Zin
The Shining One

Shops:
D:6 ?}(   D:10 ?   D:11 [

Annotations:
D:6 3 runed translucent doors, KermitdaGrung's ghost, amateur HOFi
D:12 Frances


Innate Abilities, Weirdness & Mutations

You reflexively headbutt those who attack you in melee.
You have a pair of horns on your head.


Message History

The sixfirhy closely misses you. Frances hits you but does no damage.
You feel drained.
The red devil hits you from afar with a +0 trident!
* * * LOW HITPOINT WARNING * * *
You climb downwards.
The red devil disappears in a puff of smoke!
The sixfirhy disappears in a puff of smoke!
The red devil disappears in a puff of smoke!
There is a stone staircase leading up, spattered with blood here.
Okay, then.
Unknown command.
Blink to where?
Press: ? - help, Dir - move target
As you read the scroll of blinking, it crumbles to dust.
Frances sneers.
Things that are here:
a +0 giant club; a +0 giant club; a kobold skeleton Frances mutters in a terrible tongue.
The shard of ice hits you!! You partially resist.
You die...

,,,,,* *#######.###
#.........)# ******
**..# ####.####### **
*..## #..# ,* #.#* ##.#
,* *,* #.# ,** ###+####
#.# ,,* #......# #.#
*,* #....<.# #.#######
*,* #.....@# #........
*,* #......#
####..##### *,*
#......# ##.....#####
*,*
#?..)))#####K.##.###./.
*,*
#....÷[@(..@.###..##.≈≈
*,* #......#######
##..#.≈# *,* ###+####
##.#.≈# *+** *,,..#
#.#.≈) ,,,* ########.##
#######+.)≈#


You could see Frances (fast).

Vanquished Creatures
  Nessos (D:12)
  Josephine (D:10)
  A hydra (D:12)
  A boulder beetle (D:12)
  2 two-headed ogres
  3 death yaks
  An unseen horror (D:11)
  Pikel (D:7)
  2 orc knights (Bailey)
  Maggie (D:6)
  2 komodo dragons
  2 trolls
  A hornet (D:11)
  Prince Ribbit (D:5)
  3 slime creatures (D:12)
  5 wraiths
  A wyvern (D:12)
  20 yaks
  3 sky beasts
  16 orc warriors
  2 black bears
  5 ice beasts
  2 phantoms
  A necrophage (D:7)
  The ghost of smokedtuna the Skirmisher, an amateur MfFi (D:3)
  6 ogres
  2 centaurs
  An eye of draining (D:8)
  A lemure (D:7)
  3 big kobolds
  3 bullfrogs
  A wyvern zombie (D:9)
  4 scorpions
  13 killer bees
  11 wights
  A crimson imp (D:6)
  A howler monkey (D:4)
  2 bullfrog zombies
  A centaur zombie (D:7)
  4 orc priests
  9 hounds
  A bullfrog skeleton (D:12)
  2 centaur skeletons
  2 jellies
  2 orc wizards
  3 iguanas
  2 hell rats (D:8)
  12 worker ants
  2 worker ant zombies
  14 adders
  10 gnolls
  A river rat (D:8)
  4 white imps
  An ufetubus (D:9)
  4 oozes
  2 adder skeletons
  A dart slug (D:1)
  10 leopard geckos
  42 orcs
  A ball python (D:8)
  6 bats
  8 giant cockroaches
  12 goblins
  7 hobgoblins
  7 jackals
  14 kobolds
  5 quokkas
  9 frilled lizards
  A leopard gecko skeleton (D:9)
  2 leopard gecko zombies
  A quokka zombie (D:9)
  14 rats
344 creatures vanquished.

Vanquished Creatures (others)
  9 plants (D:7)
9 creatures vanquished.

Grand Total: 353 creatures vanquished

Notes
Turn   | Place    | Note
-------+----------+-------------------------------------------
     0 | D:1      | tardwrangler69 the Minotaur Fighter began the quest for the
                  | Orb.
     0 | D:1      | Reached XP level 1. HP: 19/19 MP: 0/0
   140 | D:1      | Reached XP level 2. HP: 27/27 MP: 1/1
   283 | D:1      | Reached skill level 3 in Axes
   764 | D:1      | Reached XP level 3. HP: 33/33 MP: 2/2
  1252 | D:2      | Reached skill level 4 in Axes
  1252 | D:2      | Reached skill level 1 in Dodging
  1252 | D:2      | Reached XP level 4. HP: 35/41 MP: 3/3
  1260 | D:2      | Reached XP level 5. HP: 24/47 MP: 4/4
  1691 | D:2      | Found a radiant altar of Vehumet.
  2000 | D:2      | Found a stormy altar of Qazlal.
  2432 | D:3      | Found a shadowy altar of Dithmenos.
  2487 | D:3      | Found a runed translucent gate.
  2487 | D:3      | Found a runed translucent gate.
  2487 | D:3      | Noticed smokedtuna's ghost (amateur MfFi)
  2488 | D:3      | Found a runed translucent gate.
  2641 | D:3      | Reached skill level 5 in Axes
  3037 | D:3      | Killed smokedtuna's ghost
  3038 | D:3      | Reached skill level 5 in Fighting
  3038 | D:3      | Reached XP level 6. HP: 47/56 MP: 5/5
  3149 | D:4      | Reached skill level 5 in Armour
  3255 | D:4      | Found a glowing drain.
  3260 | D:4      | Reached skill level 6 in Axes
  3261 | D:4      | Reached XP level 7. HP: 48/61 MP: 6/6
  3396 | Sewer    | Entered a sewer
  3534 | Sewer    | Found a white marble altar of Elyvilon.
  3592 | D:4      | Found a shimmering blue altar of Sif Muna.
  3746 | D:4      | Found a staircase to the Ecumenical Temple.
  3777 | D:4      | Reached skill level 7 in Axes
  3779 | Temple   | Entered the Ecumenical Temple
  3868 | Temple   | Became a worshipper of Uskayaw the Reveller
  4073 | D:4      | Found a sparkling altar of Nemelex Xobeh.
  4073 | D:4      | Found an opulent altar of Gozag.
  4132 | D:5      | Entered Level 5 of the Dungeon
  4146 | D:5      | Reached * piety under Uskayaw
  4299 | D:5      | Reached ** piety under Uskayaw
  4300 | D:5      | Reached XP level 8. HP: 36/70 MP: 7/7
  4307 | D:5      | Reached *** piety under Uskayaw
  4503 | D:5      | Noticed Prince Ribbit
  4525 | D:5      | Reached skill level 8 in Axes
  4530 | D:5      | Killed Prince Ribbit
  4914 | D:5      | Found a sacrificial altar of Ru.
  5158 | D:6      | Reached skill level 5 in Dodging
  5163 | D:6      | Got a fine falchion
  5164 | D:6      | Identified the +6 falchion of Integrity {elec, rF+ Str+2}
                  | (You found it on level 6 of the Dungeon)
  5209 | D:6      | Reached skill level 9 in Axes
  5209 | D:6      | Got a crystal morningstar
  5210 | D:6      | Identified the +9 morningstar of Agony {antimagic, rF+++
                  | Will+ Stlth-} (You found it on level 6 of the Dungeon)
  5229 | D:6      | Found a burning altar of Makhleb.
  5267 | D:6      | Found a shimmering altar of Xom.
  5273 | D:6      | Noticed Maggie
  5283 | D:6      | Killed Maggie
  5284 | D:6      | Reached XP level 9. HP: 69/79 MP: 2/8
  5334 | D:6      | Found Acluf's Antique Weapon Boutique.
  5365 | D:6      | Found Poohemil's Gadget Emporium.
  5439 | D:6      | Found Xafu's Magic Scroll Boutique.
  5445 | D:6      | Bought 3 scrolls of teleportation for 99 gold pieces
  5445 | D:6      | Bought a scroll of blinking for 82 gold pieces
  5546 | D:6      | Found a runed translucent gate.
  5548 | D:6      | Found a runed translucent gate.
  5549 | D:6      | Found a runed translucent gate.
  5551 | D:6      | Noticed KermitdaGrung's ghost (amateur HOFi)
  5718 | D:7      | Noticed Pikel
  5725 | D:7      | Killed Pikel
  5726 | D:7      | Reached skill level 10 in Axes
  5729 | D:7      | Reached **** piety under Uskayaw
  5732 | D:7      | Reached ***** piety under Uskayaw
  5737 | D:7      | Reached ****** piety under Uskayaw
  6018 | D:7      | Noticed a komodo dragon
  6026 | D:7      | Killed a komodo dragon
  6188 | D:7      | Found a hazy altar of Hepliaklqana.
  6218 | D:7      | Reached skill level 11 in Axes
  6272 | D:7      | Reached XP level 10. HP: 71/90 MP: 3/9
  6592 | D:7      | Found an ornate altar of the Wu Jian Council.
  6699 | D:8      | Noticed a death yak
  6706 | D:8      | Noticed a death yak
  6715 | D:7      | Killed a death yak
  6837 | D:8      | Noticed a death yak
  6844 | D:8      | Killed a death yak
  6852 | D:8      | HP: 1/91 [death yak (16)]
  6858 | D:8      | Killed a death yak
  6859 | D:8      | Reached skill level 12 in Axes
  6983 | D:8      | Found a staircase to the Lair.
  7501 | D:8      | Found a bloodstained altar of Trog.
  8032 | D:8      | Noticed a two-headed ogre
  8037 | D:8      | Killed a two-headed ogre
  8542 | D:9      | Reached XP level 11. HP: 99/99 MP: 3/10
  8549 | D:9      | Reached skill level 10 in Fighting
  8553 | D:9      | Reached skill level 10 in Armour
  9202 | D:10     | Entered Level 10 of the Dungeon
  9216 | D:10     | Reached skill level 13 in Axes
  9433 | D:10     | Noticed Josephine
  9444 | D:10     | Killed Josephine
  9652 | D:10     | Found Huussoel's Magic Scroll Emporium.
  9660 | D:10     | Bought a scroll of blinking for 97 gold pieces
  9704 | D:10     | Found a staircase to the Orcish Mines.
 10093 | D:11     | Paralysed by a hornet for 1 turns
 10283 | D:11     | Got a slimy war axe
 10284 | D:11     | Identified the +4 war axe of Dishonesty {vorpal, rF+ rC+
                  | Will+} (You found it on level 11 of the Dungeon)
 10430 | D:11     | Found Rearufu's Armour Shop.
 10499 | D:11     | Killed an unseen horror
 10797 | D:12     | Noticed a boulder beetle
 10808 | D:12     | Reached skill level 14 in Axes
 10808 | D:12     | Reached skill level 1 in Invocations
 10810 | D:12     | Killed a boulder beetle
 10811 | D:12     | Found a flagged portal.
 10931 | Bailey   | Entered a bailey
 10931 | Bailey   | Noticed an orc knight
 10937 | Bailey   | Noticed an orc knight
 10953 | Bailey   | Killed an orc knight
 11374 | Bailey   | Noticed an orc knight
 11382 | Bailey   | Killed an orc knight
 11383 | Bailey   | Reached XP level 12. HP: 81/110 MP: 12/12
 11878 | D:12     | Noticed Nessos
 11891 | D:12     | Killed Nessos
 11921 | D:12     | Noticed a seven-headed hydra
 11933 | D:12     | Killed a seven-headed hydra
 11934 | D:12     | Reached skill level 15 in Axes
 12292 | D:12     | Noticed Frances
 12292 | D:12     | Noticed a two-headed ogre
 12297 | D:12     | Killed a two-headed ogre
 12643 | D:11     | HP: 2/99 [red devil/+0 trident[Frances] (15)]
 12649 | D:12     | Killed from afar by Frances

Illustrated notes

Levels and vault maps discovered:
D:1:      dpeg_arrival_connections, layout_basic
D:2:      layout_basic, fiery_altar_vehumet, grunt_qazlal_clouds
D:3:      layout_basic, nicolae_dithmenos_shadow_blocks, gammafunk_ghost_split,
          minivault_24
D:4:      layout_rooms, grunt_temple_overflow_opulence, kennysheep_mini,
          minmay_temple_entry_arrows, gup_sewer_entry_glass,
          mrwooster_statue_mirror
D:5:      kennysheep_big_flooded_room, layout_loops_cross, lemuel_crystal_altar,
          uniq_prince_ribbit1
D:6:      layout_rooms, makhleb_grotto_becter, old_standard_altar,
          gammafunk_ghost_necromancy, serial_shops, shop, nicolae_shop_stone,
          shop_statue, uniq_maggie
D:7:      layout_cave_pools, lemuel_doored_altar, nzn_wu_jian_council_hall,
          minmay_lizard_king, uniq_pikel
D:8:      layout_gridville, trog_eyes_of_draining, dpeg_lair_monsters
D:9:      layout_loops_ring
D:10:     layout_gridville, david_orc_2, serial_shops, shop, uniq_josephine
D:11:     layout_cave_pools, serial_shops, nicolae_shop_trees
D:12:     layout_roguey, enter_bailey_3, serial_shops, shop, uniq_nessos,
          uniq_frances
Temple:   cyrus_temple_forest

Skill      XL: |  1  2  3  4  5  6  7  8  9 10 11 12 |
---------------+-------------------------------------+-----
Axes           | 3 4 5 6 7 9 11 12 14 15 | 15.2
Shields        | 4 |  4.0
Fighting       | 4 5 6 7 8 9 11 | 11.7
Armour         | 4 5 6 7 8 9 11 | 11.6
Dodging        | 1 2 4 5 6 8 9 |  9.0
Invocations    | 2 4 |  4.0

Action                   |  1- 3 |  4- 6 |  7- 9 | 10-12 || total
-------------------------+-------+-------+-------+-------++-------
Melee: War axe           |    57 |    98 |   154 |   149 ||   458
       Headbutt          |     8 |    16 |    40 |    70 ||   134
       Morningstar       |       |       |    89 |   217 ||   306
       Falchion          |       |       |     5 |       ||     5
Throw: Javelin           |       |       |       |    10 ||    10
Evoke: Wand              |       |       |       |    21 ||    21
  Use: Scroll            |       |       |     7 |     8 ||    15
       Potion            |       |       |     2 |     4 ||     6
 Stab: Paralysed         |       |       |     6 |    34 ||    40
Armor: Scale mail        |    29 |     8 |       |       ||    37
       Plate armour      |       |    36 |   155 |   204 ||   395
Dodge: Dodged            |    16 |    38 |    57 |   126 ||   237
Block: Kite shield       |    30 |    56 |   145 |   208 ||   439
       Rpst.: Falchion   |       |       |     1 |       ||     1
